 Dungeon Crawl Stone Soup version 0.25.1-2-g60ff931df9 (webtiles) character file.

Game seed: 10361284656885549630

1254 Curus the Cleaver (level 8, -1/56 HPs)
             Began as a Demonspawn Gladiator on Aug 9, 2020.
             Was a Believer of Okawaru.
             Slain by Delamore's ghost (15 damage)
             ... on level 6 of the Dungeon.
             The game lasted 00:25:44 (4975 turns).

Curus the Cleaver (Demonspawn Gladiator)            Turns: 4975, Time: 00:25:44

Health: -1/56      AC: 16    Str: 15    XL:     8   Next: 26%
Magic:  0/8        EV: 10    Int: 16    God:    Okawaru [**....]
Gold:   332        SH:  0    Dex: 16    Spells: 7/7 levels left

rFire    . . .     SeeInvis .   a - +0 war axe
rCold    . . .     Gourm    .   (no shield)
rNeg     . . .     Faith    .   j - +0 chain mail
rPois    .         Spirit   +   (helmet restricted)
rElec    .         Reflect  .   p - +0 cloak
rCorr    .         Harm     .   s - +2 pair of gloves
MR       .....                  (no boots)
Stlth    ..........             y - amulet of the acrobat
HPRegen  0.18/turn              v - +6 ring of intelligence
MPRegen  0.11/turn              (no ring)

@: heroism
A: horns 1, iridescent scales 1, demonic guardian 1, wild magic 2, magic shield
a: Heroism, Renounce Religion


You were on level 6 of the Dungeon.
You worshipped Okawaru.
Okawaru was pleased with you.
You were not hungry.

You visited 1 branch of the dungeon, and saw 6 of its levels.

You collected 332 gold pieces.

Inventory:

Hand Weapons
 a - a +0 war axe (weapon)
 x - a +1 vorpal spear
Missiles
 d - 3 throwing nets (quivered)
Armour
 b - a +0 leather armour
 c - a +0 helmet
 e - a +0 ring mail
 j - a +0 chain mail (worn)
 p - a +0 cloak (worn)
 s - a +2 pair of gloves (worn)
Jewellery
 v - a +6 ring of intelligence (left hand)
 y - an amulet of the acrobat (around neck)
Wands
 o - a wand of random effects (21)
 A - a wand of digging (2)
Scrolls
 i - 7 scrolls of identify
 k - 2 scrolls of random uselessness
 m - a scroll of blinking
 n - 3 scrolls of remove curse
 r - 5 scrolls of teleportation
 w - 2 scrolls of magic mapping
 z - a scroll of amnesia
Potions
 g - a potion of brilliance
 h - 2 potions of degeneration
 l - 2 potions of curing
 q - 2 potions of heal wounds
 t - a potion of berserk rage
 u - a potion of might
Comestibles
 f - 12 rations
 B - 6 chunks of flesh


   Skills:
 - Level 2.0(7.0) Fighting
 + Level 9.6(14.6) Axes
 - Level 1.7(6.7) Throwing
 - Level 2.6(7.6) Dodging


You had 7 spell levels left.
You didn't know any spells.
Your spell library was empty.

Dungeon Overview and Level Annotations

Branches:
Dungeon (6/15)
 Temple: D:4-7

Altars:
Okawaru
Xom

Annotations:
D:6 Delamore's ghost, novice GrFi


Innate Abilities, Weirdness & Mutations

You have a pair of small horns on your head.
You are partially covered in iridescent scales. (AC +2)
A weak demonic guardian rushes to your aid.
When hurt, damage is shared between your health and your magic reserves.
Your spells are harder to cast, but more powerful.


Message History

Your shadow imp hits Delamore's ghost but does no damage.
Your ufetubus hits Delamore's ghost but does no damage. x2
You completely miss Delamore's ghost.
Delamore's ghost is lightly damaged.
Delamore's ghost hits you but does no damage.
Your ufetubus barely misses Delamore's ghost.
Your ufetubus hits Delamore's ghost but does no damage.
Your shadow imp hits Delamore's ghost but does no damage.
You hit Delamore's ghost but do no damage.
Delamore's ghost is lightly damaged.
Your ufetubus hits Delamore's ghost but does no damage.
Your ufetubus barely misses Delamore's ghost.
Delamore's ghost hits you!
* * * LOW HITPOINT WARNING * * *
Your shadow imp hits Delamore's ghost but does no damage.
Okay, then.
You gain the combat prowess of a mighty hero.
Delamore's ghost hits you but does no damage.
You are electrocuted!
You die...

###### ##########
#....#######.........
#....#.....#.........
#<...#.....#.........
#..5.+.....#.........
#..5@#.....#.........
#...W5####'#.........
####'###...#.........
#.?%##...'.........
#P8P##...#.........
##############.........
#....##'###..#.....!...
#....#...'...#.))......
#(...#...#...#.........


You could see Delamore's ghost, 2 friendly shadow imps and a friendly ufetubus
(summoned).

Vanquished Creatures
  Grinder (D:6)
  A sky beast (D:6)
  A phantom (D:6)
  An ogre (D:5)
  A bullfrog (D:6)
  A scorpion (D:5)
  A centaur zombie (D:5)
  5 crimson imps
  A hound (D:4)
  A centaur skeleton (D:4)
  An orc priest (D:5)
  An orc wizard (D:6)
  Jessica (D:2)
  A worker ant (D:4)
  A hound skeleton (D:4)
  A mummy (D:4)
  4 adders
  A shadow imp (D:4)
  An ooze (D:3)
  2 adder skeletons (D:4)
  3 worms
  A dart slug (D:1)
  2 leopard geckos
  16 orcs
  6 giant cockroaches
  6 goblins
  7 hobgoblins
  7 jackals
  2 kobolds
  9 bats
  3 frilled lizards
  7 rats
97 creatures vanquished.

Vanquished Creatures (collateral kills)
  A phantom (D:4)
  A bullfrog (D:5)
  A scorpion (D:5)
  Ijyb (D:4)
  An iguana (D:5)
  A worker ant (D:5)
  An orc (D:4)
  A leopard gecko skeleton (D:5)
8 creatures vanquished.

Grand Total: 105 creatures vanquished

Notes
Turn   | Place    | Note
-------+----------+-------------------------------------------
     0 | D:1      | Curus the Demonspawn Gladiator began the quest for the Orb.
     0 | D:1      | Reached XP level 1. HP: 16/16 MP: 1/1
    71 | D:1      | Reached skill level 3 in Axes
   516 | D:1      | Gained mutation: When hurt, damage is shared between your
                  | health and your magic reserves. [demonic ancestry]
   516 | D:1      | Reached XP level 2. HP: 22/22 MP: 2/2
  1398 | D:2      | Reached XP level 3. HP: 17/27 MP: 3/3
  1566 | D:2      | Reached skill level 4 in Axes
  1587 | D:2      | Noticed Jessica
  1600 | D:2      | Killed Jessica
  1600 | D:2      | Reached XP level 4. HP: 4/33 MP: 0/4
  1957 | D:2      | Found a shimmering altar of Xom.
  2410 | D:4      | Reached skill level 5 in Axes
  2541 | D:4      | Gained mutation: A weak demonic guardian rushes to your
                  | aid. [demonic ancestry]
  2541 | D:4      | Reached XP level 5. HP: 25/38 MP: 3/5
  2828 | D:4      | Noticed a phantom
  2833 | D:4      | Noticed Ijyb
  2854 | D:4      | Killed Ijyb
  2897 | D:4      | Killed a phantom
  2897 | D:4      | Reached skill level 6 in Axes
  3098 | D:4      | Gained mutation: You have a pair of small horns on your
                  | head. [demonic ancestry]
  3098 | D:4      | Reached XP level 6. HP: 44/44 MP: 6/6
  3952 | D:5      | Entered Level 5 of the Dungeon
  4018 | D:5      | Found an iron altar of Okawaru.
  4024 | D:5      | Reached skill level 7 in Axes
  4036 | D:5      | Became a worshipper of Warmaster Okawaru
  4091 | D:5      | Gained mutation: You are partially covered in iridescent
                  | scales. (AC +2) [demonic ancestry]
  4091 | D:5      | Reached XP level 7. HP: 23/50 MP: 3/7
  4454 | D:5      | Reached skill level 8 in Axes
  4625 | D:6      | Noticed Grinder
  4645 | D:6      | Reached * piety under Okawaru
  4654 | D:6      | Killed Grinder
  4654 | D:6      | Reached skill level 9 in Axes
  4654 | D:6      | Reached XP level 8. HP: 36/56 MP: 5/8
  4657 | D:6      | Gained mutation: Your spells are a little harder to cast,
                  | but a little more powerful. [potion of mutation]
  4657 | D:6      | Gained mutation: Your spells are harder to cast, but more
                  | powerful. [potion of mutation]
  4913 | D:6      | Reached ** piety under Okawaru
  4955 | D:6      | Found a runed translucent door.
  4956 | D:6      | Noticed Delamore's ghost (novice GrFi)
  4975 | D:6      | Slain by Delamore's ghost

Illustrated notes

Levels and vault maps discovered:
D:1:      sevenhm_arrival_forest_fort_large_2, layout_basic
D:2:      layout_rooms, tgw_xom, uniq_jessica
D:3:      layout_rooms, bh_chokoban, hex_large
D:4:      layout_loops_ring, first_ration, gup_ossuary_entry_pyramid,
          minivault_14, uniq_ijyb
D:5:      layout_basic, okawaru_gym_becter
D:6:      layout_gridville, minmay_temple_entry_offerings,
          gammafunk_ghost_grave, uniq_maggie, uniq_sigmund, uniq_grinder,
          uniq_menkaure

Skill      XL: |  1  2  3  4  5  6  7 |
---------------+----------------------+-----
Axes           | 3 4 5 6 7 9 |  9.6
Fighting       | |  2.0
Throwing       | |  1.7
Dodging        | |  2.6

Action                   |  1- 3 |  4- 6 |  7- 9 || total
-------------------------+-------+-------+-------++-------
Melee: War axe           |   132 |   183 |   125 ||   440
       Headbutt          |       |     7 |    22 ||    29
Throw: Throwing net      |     1 |       |       ||     1
Invok: Heroism           |       |       |     1 ||     1
  Use: Scroll            |     5 |     2 |     1 ||     8
       Potion            |     3 |     4 |     1 ||     8
 Stab: Invisible         |       |     1 |       ||     1
       Distracted        |       |     1 |     3 ||     4
  Eat: Chunk             |     2 |     9 |     3 ||    14
Armor: Ring mail         |    19 |       |       ||    19
       Chain mail        |    62 |   123 |    67 ||   252
Dodge: Dodged            |    76 |    62 |    34 ||   172
